Map: Dusk Towers

Players

Sonny - Winner!

  • Race: Protoss Protoss
  • League: Master

hirekui

  • Race: Terran Terran
  • League: Master

VOD

Have the link to the VOD?

Description

Time

  • Played on: June 29, 2016, 12:05 p.m.
  • Length: 13:32
Show
View Real Time Build Order
Export as new Build Order

Sonny Protoss - Winner!

Build Orders: 1 Gate Expand, Oracle Opening 

Get SALT Encoding   

  12  0:01  Probe (Chrono Boost)  
  13  0:11  Probe (Chrono Boost)  
  14  0:18  Pylon  
  14  0:22  Probe (Chrono Boost)  
  15  0:36  Probe (Chrono Boost)  
  15  0:37  Gateway  
  16  0:43  Assimilator  
  16  0:47  Probe (Chrono Boost)  
  17  0:57  Probe (Chrono Boost)  
  18  1:08  Probe (Chrono Boost)  
  19  1:18  Nexus  
  19  1:22  Probe (Chrono Boost)  
  20  1:31  Cybernetics Core  
  20  1:38  Assimilator  
  20  1:39  Probe (Chrono Boost)  
  21  1:48  Pylon  
  21  1:50  Probe (Chrono Boost)  
  22  2:00  Probe (Chrono Boost)  
  23  2:08  Adept (Chrono Boost)  
  25  2:11  Mothership Core (Chrono Boost)  
  27  2:18  Warp Gate  
  27  2:31  Probe  
  27  2:37  Probe  
  28  2:43  Probe  
  30  2:47  Probe  
  31  3:00  Probe  
  31  3:01  Probe  
  33  3:07  Stargate  
  33  3:10  Probe  
  34  3:13  Robotics Facility, Probe  
  34  3:18  Gateway  
  35  3:20  Gateway  
  35  3:21  Probe  
  35  3:25  Probe  
  37  3:32  Probe  
  38  3:37  Probe  
  38  3:39  Nexus  
  39  3:44  Pylon, Probe  
  40  3:53  Probe  
  40  3:54  Oracle (Chrono Boost)  
  42  4:00  Observer, Probe  
  44  4:06  Probe  
  45  4:12  Probe  
  45  4:16  Assimilator  
  46  4:18  Pylon  
  46  4:20  Assimilator  
  46  4:21  Adept  
  46  4:22  Twilight Council, Adept  
  46  4:24  Adept  
  52  4:25  Probe  
  53  4:36  Observer  
  53  4:38  Pylon, Probe  
  55  4:39  Probe  
  56  4:45  Adept x2  
  56  4:46  Adept  
  56  4:50  Pylon  
  56  4:51  Probe  
  56  4:52  Probe  
  63  4:53  Probe  
  65  5:15  Probe  
  65  5:16  Probe  
  65  5:17  Oracle (Chrono Boost)  
  65  5:18  Resonating Glaives (Chrono Boost)  
  65  5:20  Warp Prism, Probe  
  69  5:25  Probe  
  69  5:28  Forge, Probe  
  72  5:31  Forge, Probe  
  73  5:36  Gateway  
  73  5:38  Gateway  
  65  5:43  Probe  
  65  5:44  Gateway  
  65  5:46  Probe  
  65  5:48  Probe  
  68  5:55  Probe  
  69  5:57  Probe  
  69  5:59  Probe  
  69  6:03  Protoss Ground Weapons Level 1 (Chrono Boost)  
  71  6:04  Protoss Ground Armor Level 1 (Chrono Boost)  
  71  6:07  Probe  
  71  6:10  Probe  
  73  6:11  Adept x2  
  73  6:12  Adept  
  73  6:14  Probe  
  80  6:22  Probe  
  80  6:25  Probe x2  
  81  6:28  Pylon  
  83  6:33  Void Ray  
  83  6:34  Probe  
  83  6:35  Probe  
  83  6:38  Probe  
  90  6:46  Probe  
  91  6:48  Probe  
  91  6:50  Probe  
  91  6:52  Assimilator  
  93  6:56  Assimilator  
  93  6:58  Robotics Bay, Probe  
  93  6:59  Probe  
  93  7:00  Adept x2  
  93  7:01  Adept  
  101  7:06  Pylon  
  101  7:07  Pylon  
  101  7:14  Probe  
  101  7:15  Probe  
  101  7:19  Probe  
  100  7:26  Adept x4, Probe  
  100  7:28  Probe  
  109  7:30  Protoss Ground Armor Level 2 (Chrono Boost)  
  109  7:34  Probe  
  110  7:39  Robotics Facility  
  110  7:40  Blink (Chrono Boost)  
  110  7:41  Probe  
  111  7:45  Pylon  
  111  7:46  Protoss Ground Weapons Level 2, Pylon  
  111  7:48  Disruptor  
  114  7:55  Adept  
  116  8:14  Photon Cannon  
  116  8:17  Photon Cannon  
  107  8:28  Oracle  
  107  8:31  Disruptor  
  110  8:40  Photon Cannon  
  110  8:43  Nexus  
  110  8:44  Disruptor  
  110  8:46  Pylon x2  
  110  8:47  Pylon  
  112  8:48  Pylon  
  112  8:51  Pylon, Stalker x6  
  124  8:57  Stargate  
  124  9:12  Photon Cannon  
  124  9:15  Photon Cannon  
  124  9:18  Photon Cannon, Fleet Beacon  
  124  9:23  Warp Prism  
  126  9:26  Disruptor  
  129  9:42  Stargate  
  129  9:46  Adept x3  
  129  9:47  Adept x3  
  135  10:22  Tempest x2  
  141  10:31  Stalker x5  
  141  10:32  Stalker  
  151  11:01  Disruptor  
  151  11:03  Stalker x3  
  151  11:04  Stalker x3  
  167  11:05  Tempest  
  167  11:08  Nexus  
  167  11:10  Pylon  
  173  11:12  Pylon  
  159  11:47  Pylon  
  159  11:49  Photon Cannon, Pylon  
  159  11:50  Photon Cannon  
  159  11:53  Photon Cannon  
  159  11:55  Photon Cannon  
  159  11:56  Photon Cannon  
  157  12:05  Tempest x2  
  157  12:07  Probe  
  166  12:23  Photon Cannon  
  166  12:26  Photon Cannon  
  166  12:28  Photon Cannon x2  
  165  12:32  Stalker x5  
  165  12:33  Stalker  
  165  12:35  Disruptor  
  180  12:48  Tempest  
Show
View Real Time Build Order
Export as new Build Order

hirekui Terran 

Build Orders: Reaper Expand, MMM Bio 

Get SALT Encoding   

  12  0:01  SCV  
  13  0:13  SCV  
  14  0:17  Supply Depot  
  14  0:25  SCV  
  15  0:39  SCV  
  15  0:40  Barracks  
  16  0:47  Refinery  
  16  0:51  SCV  
  17  1:03  SCV  
  18  1:15  SCV  
  19  1:27  Orbital Command  
  19  1:31  Reaper  
  20  1:44  Command Center  
  20  1:55  SCV  
  21  2:03  Supply Depot  
  21  2:09  SCV  
  21  2:13  Barracks  
  21  2:14  Barracks Reactor  
  22  2:19  Refinery  
  22  2:21  SCV  
  23  2:28  Factory  
  23  2:33  SCV  
  24  2:52  SCV  
  24  2:56  Marine x2  
  27  2:59  Orbital Command  
  27  3:01  Barracks Tech Lab  
  27  3:04  SCV  
  27  3:13  Starport  
  27  3:16  SCV, Marine x2  
  27  3:19  Factory Reactor  
  30  3:25  SCV  
  30  3:26  Marine  
  32  3:28  SCV  
  33  3:34  Marine x2  
  33  3:37  SCV  
  33  3:38  Stimpack  
  33  3:40  SCV  
  37  3:44  Marine  
  38  3:49  SCV  
  38  3:52  Marine x2, SCV  
  42  3:58  Medivac  
  42  4:00  Supply Depot  
  42  4:01  SCV  
  42  4:02  Marine  
  46  4:03  Supply Depot  
  46  4:18  Engineering Bay  
  46  4:21  Marine x2, SCV x2, Widow Mine x2  
  54  4:28  Marine  
  55  4:35  SCV  
  55  4:36  SCV, Command Center  
  57  4:46  Missile Turret  
  57  4:47  SCV  
  57  4:48  SCV  
  59  4:58  Marine x3  
  62  5:01  SCV  
  62  5:05  SCV  
  62  5:10  Supply Depot  
  62  5:13  SCV  
  62  5:14  Terran Infantry Weapons Level 1  
  62  5:15  Refinery  
  62  5:19  Missile Turret  
  62  5:26  Refinery  
  62  5:27  Supply Depot  
  62  5:29  SCV, Marine, Supply Depot, Liberator x2  
  62  5:30  Marine x2  
  66  5:45  SCV  
  66  5:47  Marine x2, SCV  
  66  5:48  Combat Shields  
  72  5:56  Factory Reactor  
  72  5:57  SCV  
  72  6:00  SCV  
  74  6:06  Marine x2  
  74  6:08  Marauder  
  74  6:09  SCV  
  79  6:12  SCV  
  79  6:18  Barracks  
  80  6:25  SCV x2  
  82  6:27  Liberator x2  
  82  6:28  Barracks  
  82  6:31  Barracks  
  82  6:34  Bunker  
  82  6:37  SCV x2  
  84  6:44  Widow Mine  
  58  6:47  Orbital Command  
  92  6:50  SCV  
  92  6:51  SCV  
  94  7:00  Marine x3  
  97  7:03  SCV x2  
  97  7:06  Supply Depot  
  97  7:07  Supply Depot  
  99  7:08  Terran Infantry Armor Level 1  
  99  7:10  Barracks Tech Lab  
  99  7:13  Widow Mine x2  
  99  7:15  SCV x2  
  105  7:16  SCV  
  105  7:17  Missile Turret  
  106  7:23  Supply Depot  
  106  7:27  Marine x2  
  106  7:28  Barracks Reactor  
  106  7:29  Medivac, Barracks Tech Lab  
  64  7:30  Medivac  
  107  7:33  SCV x2  
  107  7:36  SCV  
  112  7:44  Marauder  
  114  7:45  SCV  
  114  7:46  SCV, Supply Depot x2  
  114  7:47  Supply Depot  
  114  7:49  SCV  
  117  7:58  SCV x2  
  119  8:01  SCV, Medivac x2, Widow Mine x2  
  119  8:03  Marine, Marauder x2  
  133  8:07  Marine  
  133  8:08  Supply Depot  
  133  8:09  Refinery, Supply Depot  
  133  8:10  Marine x2, Marauder  
  136  8:27  Marauder x2  
  135  8:31  Armory  
  135  8:32  SCV x2, Engineering Bay  
  136  8:35  Medivac x2, Widow Mine  
  136  8:36  Refinery, Widow Mine  
  144  8:41  Barracks  
  144  8:42  Marine, Marauder  
  144  8:44  Barracks  
  144  8:45  Marine x2  
  144  8:46  Barracks  
  144  8:47  SCV  
  150  8:52  Liberator x2  
  150  8:54  Supply Depot  
  150  8:55  Marine x2, Supply Depot  
  150  8:57  Supply Depot  
  152  9:03  Marine x2  
  152  9:04  Marauder  
  160  9:20  Starport  
  160  9:31  Marauder x2  
  160  9:32  Barracks Tech Lab x2  
  160  9:33  Barracks Reactor  
  160  9:34  Terran Infantry Weapons Level 2  
  160  9:35  Terran Infantry Armor Level 2  
  160  9:36  Terran Ship Weapons Level 1  
  160  9:37  Command Center  
  164  9:56  Marine x4, Marauder  
  164  9:57  Marauder  
  172  10:14  Marine x5, Marauder x2  
  176  10:18  Marauder  
  169  10:30  Marine x2, Marauder  
  169  10:31  Marine  
  169  10:32  Marine, Marauder  
  169  10:35  Marine x3  
  181  10:36  Marauder  
  170  10:53  Marine x3, Liberator x4  
  170  10:54  Marauder x2  
  177  11:08  Marine x3  
  177  11:09  Marauder x3  
  177  11:11  Marine, Planetary Fortress  
  199  11:23  Command Center  
  187  11:32  Marine x4, Marauder x2  
  163  11:33  Marine x2, Marauder  
  164  11:42  Sensor Tower  
  164  11:56  Missile Turret  
  164  11:57  Missile Turret, Viking x2  
  164  11:58  Viking x2  
  166  12:07  Marine x2  
  166  12:08  Marauder x3  
  166  12:16  Marine x2  
  166  12:17  Marauder x2  
  166  12:22  Marine x2  
  174  12:25  Marine  
  174  12:29  Marauder x2  
  179  12:33  Medivac x2  
  179  12:35  Sensor Tower  
  179  12:36  Viking x2  
  187  12:43  Planetary Fortress  
  187  12:47  Marine x4, Marauder  
  187  12:48  Marauder  
  179  13:11  Marine x4  
Tags
 
Add a new tag
Caveats
  • Supply blocks, unpowered buildings, or Contaminate may cause inaccurate times.
  • Supply counts are checked every 10 seconds.